 Dungeon Crawl Stone Soup version 0.23-a0-356-g1757c6e (webtiles) character file.

28 Garbasso the Sneak (level 3, -1/16 HPs)
             Began as a Spriggan Enchanter on Oct 21, 2018.
             Slain by Jessica
             ... wielding a +2 vampiric dagger
              (4 damage)
             ... on level 1 of the Dungeon.
             The game lasted 00:03:20 (1058 turns).

Garbasso the Sneak (Spriggan Enchanter)             Turns: 1058, Time: 00:03:21

Health: -1/16      AC:  2    Str:  4    XL:     3   Next: 0%
Magic:  2/8        EV: 19    Int: 16    God:
Gold:   63         SH:  0    Dex: 17    Spells: 5/8 levels left

rFire    . . .     SeeInvis +   a - +1 dagger
rCold    . . .     Gourm    .   (shield restricted)
rNeg     . . .     Faith    .   b - +0 robe
rPois    .         Spirit   .   (helmet restricted)
rElec    .         Reflect  .   (no cloak)
rCorr    .         Harm     .   (gloves unavailable)
MR       .....                  (boots unavailable)
Stlth    +++.......             (no amulet)
HPRegen  0.05/turn              (no ring)
MPRegen  0.11/turn              (no ring)

@: very slightly contaminated, very quick
A: very small, unfitting armour, see invisible, herbivore, speed 3, slow
metabolism 2
a: no special abilities


You were on level 1 of the Dungeon.
You were not hungry.

You visited 1 branch of the dungeon, and saw 2 of its levels.

You collected 63 gold pieces.

Inventory:

Hand Weapons
 a - a +1 dagger (weapon)
Armour
 b - a +0 robe (worn)
Scrolls
 c - a scroll of remove curse {unknown}
 e - a scroll of identify {unknown}
 h - a scroll of fear {unknown}
 i - a scroll of noise {unknown}
 j - a scroll of teleportation {unknown}
 l - a scroll of magic mapping {unknown}
Potions
 f - a potion of berserk rage {unknown}
 g - a potion of flight {unknown}
 k - a potion of mutation {unknown}
Comestibles
 d - 2 rations


   Skills:
 + Level 1.6 Short Blades
 + Level 3.5 Dodging
 + Level 4.9 Stealth
 - Level 3.0 Spellcasting
 * Level 4.1 Hexes


You had 5 spell levels left.
You knew the following spells:

 Your Spells              Type           Power        Failure   Level  Hunger
a - Corona                Hex            ###....      3%          1    #......
b - Ensorcelled Hibernat  Hex/Ice        #.....       12%         2    ##.....

Your spell library contained the following spells:

 Spells                   Type           Power        Failure   Level  Hunger
 Confuse                  Hex            ###.....     11%         3    ###....
 Tukima's Dance           Hex            ###.....     11%         3    ###....
 Dazzling Spray           Conj/Hex       #.....       24%         3    ###....


Dungeon Overview and Level Annotations

Branches:
Dungeon (2/15)

Altars:

Annotations:
D:1 Jessica


Innate Abilities, Weirdness & Mutations

You are very small and have problems with some larger weapons.
You are too small for most types of armour.
You have supernaturally acute eyesight. (SInv)
You are a herbivore.
You cover ground extremely quickly.
You need to consume almost no food.


Message History

Jessica shouts!
You hit Jessica.
Jessica is severely wounded.
Jessica completely misses you.
You closely miss Jessica.
Jessica is severely wounded.
Jessica points at you and mumbles some strange words.
Pain shoots through your body!
Ouch! That really hurt!
* * * LOW HITPOINT WARNING * * *
Casting: Ensorcelled Hibernation (safe; 12% risk of failure)
Confirm with . or Enter, or press ? or * to list all spells.
Aiming: Ensorcelled Hibernation (safe; 12% risk of failure)
Press: ? - help, Shift-Dir - straight line, f - you, p - Jessica That would be overly suicidal.
Okay, then.
You barely miss Jessica.
Jessica is severely wounded.
Jessica hits you with a +2 vampiric dagger.
You die...

#.##..........†# #.
#.........###### #.
#.#######..##### #.
#.# ##.....# #. #.#
#.###.# ## #.# #.....#
#.########'###+##
#####
#.......#.......#
#....
#....>@.#.......#
#...)
##.....@#.⌠.8.⌠.#
#....
########...)...###....
######.......#......
#...##########.#####
#.<.##########.#
#...'..........#
################


You could see Jessica.

Vanquished Creatures
  A dart slug (D:1)
  2 giant cockroaches (D:1)
  2 hobgoblins (D:1)
  3 jackals (D:1)
  5 kobolds (D:1)
  3 bats (D:1)
  A frilled lizard (D:1)
  4 goblins (D:1)
  2 rats (D:1)
23 creatures vanquished.

Notes
Turn   | Place    | Note
-------+----------+-------------------------------------------
     0 | D:1      | Garbasso the Spriggan Enchanter began the quest for the
                  | Orb.
     0 | D:1      | Reached XP level 1. HP: 9/9 MP: 5/5
   460 | D:1      | Reached XP level 2. HP: 13/13 MP: 6/6
   464 | D:1      | Learned a level 2 spell: Ensorcelled Hibernation
   985 | D:1      | Reached XP level 3. HP: 16/16 MP: 8/8
  1046 | D:2      | Noticed Jessica
  1058 | D:1      | Slain by Jessica

Vault maps used:
D:1:      dpeg_arrival_simpleton_b, kennysheep_small_spiral
D:2:      lemuel_coloured_pillars_altar, old_standard_altar,
          lemuel_crystal_altar, uniq_jessica, uniq_sigmund, uniq_natasha

Skill      XL: |  1  2 |
---------------+-------+-----
Spellcasting   | 3 |  3.0
Hexes          | 4 |  4.1
Short Blades   | |  1.6
Dodging        | |  3.5
Stealth        | |  4.9

Action                   || total
-------------------------++-------
Melee: Dagger            ||    64
 Cast: Corona            ||     3
       Ensorcelled Hiber ||     5
 Stab: Sleeping          ||    14
Armor: Robe              ||     3
Dodge: Dodged            ||    54

Table legend:
 A = Non-vault XP
 B = Vault XP
 C = Vault XP percentage of total XP
 D = Non-vault monster count
 E = Vault monster count
 F = Vault count percentage of total count
                 A         B        C        D         E       F
            +---------+---------+-------+---------+---------+-------
      Total |      41 |       0 |   0.0 |      23 |       0 |   0.0
            +---------+---------+-------+---------+---------+-------
        D:1 |      41 |       0 |   0.0 |      23 |       0 |   0.0
            +---------+---------+-------+---------+---------+-------
